 Dungeon Crawl Stone Soup version 0.16.2-12-gd0ad4c3 (webtiles) character file.

61380 dvd the Unseen (level 14, 0/65 HPs)
             Began as a Spriggan Enchanter on Sept 19, 2015.
             Was the Champion of Nemelex Xobeh.
             Killed from afar by an electric eel (13 damage)
             ... with a bolt of electricity
             ... on level 8 of the Lair of Beasts.
             The game lasted 04:07:32 (31653 turns).

dvd the Unseen (Spriggan Enchanter)                Turns: 31653, Time: 04:07:33

Health: 0/65       AC: 12    Str:  4    XL:     14   Next: 60%
Magic:  13/47      EV: 27    Int: 21    God:    Nemelex Xobeh [******]
Gold:   1063       SH:  7    Dex: 17    Spells: 7 memorised, 23 levels left

rFire  + . .     SeeInvis +     a - +3 short sword (drain)
rCold  + + .     Clarity  +     t - +2 robe {rC+ rF+}
rNeg   . . .     SustAb   +     (shield restricted)
rPois  +         Gourm    .     d - +2 hat
rElec  .         Spirit   .     Z - +0 cloak of Coronation {rPois rC+ MP+9 SInv}
rCorr  .         Warding  .     (gloves unavailable)
rMut   .         Stasis   .     (boots unavailable)
MR     +++..                    v - amulet of clarity
Stlth  ++++++++..               K - +3 ring of protection
                                n - ring of sustain abilities

@: icy shield, shrouded, very quick, extremely resistant to hostile
enchantments, extraordinarily stealthy
A: unfitting armour, thin metallic scales 1, see invisible, herbivore 3, speed
3, magic resistance 1, slow metabolism 2
a: Triple Draw, Deal Four, Stack Five, Renounce Religion


You were on level 8 of the Lair of Beasts.
You worshipped Nemelex Xobeh.
Nemelex Xobeh was exalted by your worship.
You were not hungry.

You visited 5 branches of the dungeon, and saw 23 of its levels.
You also visited: Labyrinth, Ossuary and Ice Cave.

You collected 1515 gold pieces.
You spent 452 gold pieces at shops.

Inventory:

Hand weapons
 a - a +3 short sword of draining (weapon)
 f - a +4 scimitar of flaming
Armour
 d - a +2 hat (worn)
 t - a +2 robe of resistance (worn)
 Z - the +0 cloak of Coronation (worn) {rPois rC+ MP+9 SInv}
   (You found it on level 3 of the Lair of Beasts)

   It protects you from cold.
   It protects you from poison.
   It affects your magic capacity (+9).
   It enhances your eyesight.
Jewellery
 n - a ring of sustain abilities (left hand)
 v - an amulet of clarity (around neck)
 K - a +3 ring of protection (right hand)
Magical devices
 j - a wand of hasting (9)
 r - a wand of draining (4)
 w - a wand of cold (14)
 x - a wand of frost (33)
 y - a wand of lightning (10)
 D - a wand of slowing (14)
 E - a wand of flame (45)
 L - a wand of random effects (11)
 O - a wand of disintegration (12)
 R - a wand of magic darts (25)
 W - a wand of confusion (31)
Scrolls
 b - a scroll of amnesia
 e - 6 scrolls of remove curse
 g - 5 scrolls of teleportation
 h - 3 scrolls of fear
 m - 3 scrolls of fog
 q - a scroll of identify
 F - 3 scrolls of blinking
 P - a scroll of silence
 T - a scroll of enchant armour
 U - a scroll of summoning
Potions
 l - 2 potions of heal wounds
 o - a potion of invisibility
 A - 2 potions of flight
 C - 5 potions of magic
 I - 5 potions of resistance
 J - a potion of might
 N - 2 potions of haste
 S - a potion of agility
 Y - a potion of curing
Books
 c - a book of Annihilations {highlevel}

   This book is beyond your current level of understanding.

   Spells                             Type                      Level
   a - Poison Arrow                   Conjuration/Poison           6
   b - Chain Lightning                Conjuration/Air              8
   c - Lehudib's Crystal Spear        Conjuration/Earth            8
   d - Glaciate                       Conjuration/Ice              9
   e - Fire Storm                     Conjuration/Fire             9
 u - a book of Spatial Translocations

   Spells                             Type                      Level
   a - Apportation                    Translocation                1
   b - Blink                          Translocation                2
   c - Shroud of Golubria             Charms/Translocation         2
   d - Portal Projectile              Translocation                3
   e - Teleport Other                 Translocation                3
   f - Passage of Golubria            Translocation                4
 Q - a book of Alchemy

   Spells                             Type                      Level
   a - Sublimation of Blood           Necromancy                   2
   b - Alistair's Intoxication        Transmutation/Poison         4
   c - Condensation Shield            Ice                          4
   d - Petrify                        Transmutation/Earth          4
   e - Ignite Poison                  Fire/Transmutation           5
   f - Irradiate                      Conjuration/Transmutation    5
Miscellaneous
 i - a legendary deck of war
 k - an ornate deck of war
 p - an ornate deck of destruction
 s - a legendary deck of war
 z - a legendary deck of destruction {drawn: 2}
 H - an ornate deck of escape {drawn: 4}
 V - a legendary deck of war {the Dance, left: 4}
 X - a legendary deck of destruction
Comestibles
 B - 10 bread rations
 G - 9 slices of pizza
 M - 8 fruits


   Skills:
 + Level 3.5 Fighting
 + Level 6.3(6.4) Short Blades
 + Level 1.1(3.1) Long Blades
 + Level 11.1 Dodging
 + Level 18.5 Stealth
 + Level 14.5 Spellcasting
 + Level 13.2 Hexes
 + Level 5.3 Charms
 + Level 1.9 Translocations
 + Level 6.8 Ice Magic
 * Level 11.0 Evocations


You had 23 spell levels left.
You knew the following spells:

 Your Spells              Type           Power        Failure   Level  Hunger
b - Ensorcelled Hibernat  Hex/Ice        ######       1%          2    None
c - Sure Blade            Hex/Chrm       ######....   1%          2    None
d - Confuse               Hex            ######..     1%          3    None
e - Enslavement           Hex            ######..     1%          4    None
f - Condensation Shield   Ice            #####.....   2%          4    None
g - Shroud of Golubria    Chrm/Tloc      ####......   1%          2    None
h - Blink                 Tloc           N/A          2%          2    None


Dungeon Overview and Level Annotations

Branches:
Dungeon (10/15)            Temple (1/1) D:4            Lair (8/8) D:10
 Shoals (0/5) Lair:4        Snake (3/5) Lair:6        Slime (1/6) Lair:6
    Orc: D:9-12

Altars:
Ashenzari
Cheibriados
Dithmenos
Elyvilon
Fedhas
Gozag
Kikubaaqudgha
Makhleb
Nemelex Xobeh
Okawaru
Qazlal
Ru
Sif Muna
Trog
Vehumet
Xom
Yredelemnul
Zin
The Shining One

Shops:
D:4 *   D:6 !   D:7 [   D:10 ?

Annotations:
Lair:7 exclusion: 4 oklob plants
Lair:8 exclusion: oklob plant
Snake:3 exclusion: anaconda


Innate Abilities, Weirdness & Mutations

You are tiny and cannot use many weapons and most armour.
You have supernaturally acute eyesight.
You are a herbivore.
You cover ground extremely quickly.
You need consume almost no food.
You are partially covered in thin metallic scales (AC +2).
You are resistant to hostile enchantments.


Message History

The electric eel shoots out a bolt of lightning at you!
The bolt of electricity hits your yak. The bolt of electricity misses you.
The electric eel shoots out a bolt of lightning at you!
The bolt of electricity hits your yak. The bolt of electricity misses you.
The electric eel shoots out a bolt of lightning at you!
The bolt of electricity hits your yak. The bolt of electricity hits you!
Your yak closely misses the electric eel.
The electric eel shoots out a bolt of lightning at you!
The bolt of electricity hits your yak. The bolt of electricity hits you!
Your yak closely misses the electric eel.
The bolt of electricity hits the electric eel.
The electric eel resists.
The bolt of electricity hits your yak.
Your yak dies!
The electric eel shoots out a bolt of lightning at you!
The bolt of electricity hits you!
* * * LOW HITPOINT WARNING * * *
The electric eel shoots out a bolt of lightning at you!
The bolt of electricity hits the plant.
The bolt of electricity hits you!
You die...
Your body glows with a rainbow of weird colours and disappears.

###....#.#......### *##....,,
.##..............# *.....P.,
..........†......## ####....≈wP,
.....##...†.......####.#.(.....≈≈
.P..##.............#.#....≈P.P≈≈≈
.....####P.............#....≈;≈≈≈
....P.#*.........P.PP....PP≈P≈≈≈.
.#.....##........P.PP..†;≈≈≈≈≈≈≈≈
.#....####......@.....P...≈≈≈≈≈≈≈
#.#..## ##.......†.....≈≈.≈≈.≈≈≈≈
......# #...........††...≈≈≈≈≈≈,≈
##.PP.# ##P......###..≈..≈≈≈≈≈≈≈≈


..PPPP# ##P....##*#.....≈≈≈≈≈,≈≈ ...P.P# #.PP..* *.P..P≈≈≈≈≈,≈≈≈ ....P.##
##PP.P.* #.≈.≈.≈≈≈≈≈≈≈≈≈ .......###.PPP.P###..≈P.≈≈≈,≈≈≈,≈
......P##..PP..PPP.#.≈.≈≈≈≈≈≈≈≈≈, You could see an electric eel.

Vanquished Creatures
  A greater naga (Snake:3)
  A minotaur (Lab)
  Fannar (Lair:5)
  3 hydras
  Erica (Lair:3)
  2 death yaks (Lair:6)
  3 shock serpents
  5 naga sharpshooters
  Psyche (D:10)
  A salamander mystic (Snake:2)
  An ice devil (IceCv)
  An unseen horror (D:9)
  2 mana vipers (Snake:1)
  A naga ritualist (Snake:2)
  2 ice statues (IceCv)
  A hill giant (D:10)
  A lindwurm (Lair:3)
  A swamp dragon (Snake:2)
  An ugly thing (Lair:3)
  2 griffons
  10 salamanders
  A cyclops (Snake:2)
  6 elephants
  Joseph (Lair:1)
  8 spiny frogs
  2 torpor snails (Lair:6)
  2 guardian serpents (Snake:2)
  9 naga magi
  3 komodo dragons
  16 black mambas
  An elf (Lair:7)
  An anaconda simulacrum (IceCv)
  2 fire drakes
  A blue devil (IceCv)
  A queen bee (Lair:5)
  A boulder beetle (Lair:7)
  Prince Ribbit (D:6)
  2 basilisks
  2 giant leeches (Lair:8)
  7 blink frogs
  A snapping turtle (Lair:6)
  A troll (D:7)
  A redback (Snake:2)
  A trapdoor spider (Lab)
  2 dire elephant simulacra (IceCv)
  A killer bee (D:10)
  A wyvern (D:7)
  3 hungry ghosts
  5 hippogriffs
  23 yaks
  2 wolves (Lair:3)
  3 deep elf magi
  An iron troll simulacrum (IceCv)
  A harpy simulacrum (IceCv)
  17 nagas
  A vampire mosquito (Lair:8)
  17 water moccasins
  2 orc warriors
  A hydra simulacrum (IceCv)
  5 porcupines
  4 ogres
  2 phantoms
  3 black bears
  6 ice beasts (IceCv)
  A sky beast (Snake:2)
  6 centaurs
  10 crocodiles
  Duvessa (D:9)
  16 giant frogs
  A wyvern zombie (D:7)
  An elf zombie (Ossuary)
  A scorpion (D:4)
  An electric eel (Lair:5)
  5 wights (D:7)
  2 lava snakes (D:8)
  A quasit (D:10)
  2 crimson imps
  A goliath beetle (D:10)
  Dowan (D:9)
  3 hounds
  10 orc wizards
  4 orc priests
  A giant frog skeleton (D:10)
  2 human zombies (Ossuary)
  11 iguanas
  Natasha (thrice) (D:6)
  A centaur skeleton (D:8)
  11 sheep
  5 worker ants
  Ijyb (D:2)
  A big kobold zombie (Ossuary)
  The ghost of Vidiiot the Skirmisher, a weakling CeFi (D:5)
  2 mummies (Ossuary)
  48 gnolls
  A worker ant zombie (D:5)
  11 white imps (Snake:1)
  14 adders
  3 giant mites
  20 river rats
  5 worms
  2 adder zombies (Ossuary)
  2 adder skeletons
  3 giant geckos
  3 oozes
  28 orcs
  A ball python (Lair:4)
  A bat skeleton (D:8)
  A bat zombie (D:5)
  9 giant cockroaches
  8 hobgoblins
  16 jackals
  8 kobolds
  8 quokkas
  16 bats
  2 giant gecko zombies (D:5)
  2 giant newts
  9 goblins
  8 hobgoblin zombies (Ossuary)
  3 jackal zombies (Ossuary)
  8 kobold zombies (Ossuary)
  3 orc zombies (Ossuary)
  2 quokka skeletons
  15 rats
  A fungus (Lair:7)
  A plant (Lair:8)
581 creatures vanquished.

Vanquished Creatures (collateral kills)
  Rupert (Lair:3)
  Maud (Lair:5)
  A naga warrior (Snake:1)
  A hydra (Lair:4)
  Nergalle (Lair:3)
  A manticore (Lair:4)
  An ugly thing (D:5)
  A griffon (Lair:4)
  3 elephants (Lair:6)
  A guardian serpent (shapeshifter) (Lair:5)
  2 black mambas (Snake:3)
  A blue devil (IceCv)
  3 blink frogs (Lair:1)
  2 ravens
  9 yaks
  A basilisk (Lair:8)
  A wyvern (Lair:3)
  2 hungry ghosts
  A vampire mosquito (Lair:8)
  2 nagas (Snake:1)
  An ice beast (IceCv)
  A crocodile (Lair:5)
  A wight (D:7)
  4 killer bees
  2 hounds
  An orc priest (D:6)
  An iguana (Lair:3)
  A spectral orc (Lair:3)
  9 sheep
  5 adders
  13 gnolls
  A river rat (Lair:1)
  A worm (D:5)
  4 orcs
  3 quokkas
  A giant gecko (D:7)
  A giant spore (D:8)
  3 hobgoblin zombies (Ossuary)
  8 jackals (D:4)
  4 orc zombies (Ossuary)
  A fungus (Lair:6)
102 creatures vanquished.

Vanquished Creatures (others)
  An elephant (Lair:5)
  A komodo dragon (D:10)
  A spiny frog (Lair:5)
  A yaktaur (Lair:3)
  A blue devil (IceCv)
  A raven (IceCv)
  9 yaks
  A water elemental (Lair:7)
  2 air elementals
  A vampire mosquito (D:7)
  2 nagas
  A wolf (Lair:3)
  A water moccasin (Snake:3)
  An ice beast (IceCv)
  3 killer bees
  A giant frog (Lair:2)
  An electric eel (Lair:3)
  A wight (D:7)
  A sheep (Lair:2)
  A white imp (Snake:1)
  An adder zombie (Ossuary)
  A hobgoblin zombie (Ossuary)
  16 fungi
  19 plants
69 creatures vanquished.

Grand Total: 752 creatures vanquished

Notes
Turn   | Place    | Note
--------------------------------------------------------------
     0 | D:1      | dvd, the Spriggan Enchanter, began the quest for the Orb.
     0 | D:1      | Reached XP level 1. HP: 9/9 MP: 4/4
   461 | D:1      | Reached XP level 2. HP: 13/13 MP: 7/7
   465 | D:1      | Learned a level 2 spell: Ensorcelled Hibernation
   468 | D:1      | Learned a level 2 spell: Sure Blade
   858 | D:1      | Reached XP level 3. HP: 14/16 MP: 0/11
  1724 | D:2      | Learned a level 3 spell: Confuse
  1825 | D:2      | Noticed Ijyb
  1831 | D:2      | Killed Ijyb
  1831 | D:2      | Reached skill level 5 in Stealth
  1831 | D:2      | Reached XP level 4. HP: 21/21 MP: 6/14
  1998 | D:2      | Reached skill level 1 in Ice Magic
  3264 | D:4      | Reached XP level 5. HP: 24/24 MP: 9/17
  3300 | D:4      | Found Etzu Jar's General Store.
  3597 | D:4      | Reached skill level 6 in Stealth
  3694 | D:4      | Reached XP level 6. HP: 28/28 MP: 17/20
  3742 | D:4      | Found a staircase to the Ecumenical Temple.
  3749 | D:4      | Learned a level 4 spell: Enslavement
  3757 | Temple   | Entered the Ecumenical Temple
  4038 | Temple   | Became a worshipper of Nemelex Xobeh the Trickster
  4308 | D:4      | Noticed an ogre
  4355 | D:4      | Reached skill level 1 in Charms
  4731 | D:4      | Received a gift from Nemelex Xobeh
  4824 | D:4      | Reached skill level 7 in Stealth
  4905 | D:4      | Reached skill level 5 in Hexes
  4944 | D:4      | Reached XP level 7. HP: 25/32 MP: 14/22
  4972 | D:4      | Killed an ogre
  4972 | D:4      | Reached skill level 5 in Spellcasting
  5476 | D:4      | Got a brightly glowing arbalest
  5507 | D:4      | Identified the +9 arbalest of the Special Lives {speed, -Cast Dex+6} (You found it on level 4 of the Dungeon)
  6286 | D:5      | Entered Level 5 of the Dungeon
  6948 | D:5      | Reached skill level 8 in Stealth
  6948 | D:5      | Reached XP level 8. HP: 33/37 MP: 13/25
  7179 | D:5      | Reached skill level 1 in Evocations
  7669 | D:5      | Received a gift from Nemelex Xobeh
  7877 | D:5      | Found a sacrificial altar of Ru.
  7926 | D:5      | Noticed a cyan ugly thing
  7935 | D:5      | Killed a cyan ugly thing
  8031 | D:5      | Noticed Vidiiot's ghost (weakling CeFi)
  8064 | D:5      | Killed Vidiiot's ghost
  8121 | D:5      | Reached skill level 1 in Fighting
  8377 | D:6      | Noticed Natasha
  8388 | D:6      | Killed Natasha
  8390 | D:6      | Found a blossoming altar of Fedhas.
  8446 | D:6      | Reached skill level 5 in Dodging
  8648 | D:6      | Noticed Natasha
  8659 | D:6      | Killed Natasha
  8970 | D:6      | Noticed Prince Ribbit
  8990 | D:6      | Killed Prince Ribbit
  9011 | D:6      | Found Nuifuochap's Distillery.
  9021 | D:6      | Found a shattered altar of Ashenzari.
  9050 | D:6      | Reached XP level 9. HP: 41/41 MP: 25/28
  9078 | D:6      | Noticed Natasha
  9096 | D:6      | Killed Natasha
  9144 | D:6      | Gained mutation: You are resistant to hostile enchantments. [potion of mutation]
  9144 | D:6      | Gained mutation: You are partially covered in thin metallic scales (AC +2). [potion of mutation]
  9299 | D:6      | Reached skill level 9 in Stealth
  9941 | D:7      | Found a sand-covered staircase.
  9947 | Ossuary  | Entered an ossuary
  9947 | Ossuary  | Received a gift from Nemelex Xobeh
 10798 | D:7      | Reached skill level 5 in Evocations
 10814 | D:7      | Found a deep blue altar of Sif Muna.
 10857 | D:7      | Found Treclutt's Armour Shoppe.
 11268 | D:7      | Bought a +2 robe of resistance for 452 gold pieces
 11457 | D:7      | Received a gift from Nemelex Xobeh
 11984 | D:7      | Reached skill level 10 in Stealth
 12385 | D:8      | Received a gift from Nemelex Xobeh
 12449 | D:8      | Acquired Nemelex Xobeh's first power
 13222 | D:8      | Reached XP level 10. HP: 31/46 MP: 13/30
 13483 | D:8      | Found a white marble altar of Elyvilon.
 13579 | D:9      | Found a stormy altar of Qazlal.
 13695 | D:9      | Reached skill level 11 in Stealth
 13877 | D:9      | Noticed an unseen horror
 13896 | D:9      | Killed an unseen horror
 13896 | D:9      | Reached skill level 12 in Stealth
 13997 | D:9      | Noticed Duvessa
 14051 | D:9      | Acquired Nemelex Xobeh's second power
 14077 | D:9      | Noticed Dowan
 14081 | D:9      | Killed Dowan
 14085 | D:9      | Killed Duvessa
 14549 | D:10     | Entered Level 10 of the Dungeon
 14574 | D:10     | Found Twapoa's Magic Scroll Shoppe.
 14577 | D:10     | Noticed a hill giant
 14748 | D:10     | Found a staircase to the Lair.
 14748 | D:10     | Noticed Psyche
 14814 | D:10     | Killed Psyche
 14950 | D:10     | Received a gift from Nemelex Xobeh
 15062 | D:10     | Killed a hill giant
 15062 | D:10     | Reached skill level 10 in Spellcasting
 15265 | D:10     | Reached XP level 11. HP: 50/50 MP: 27/32
 15341 | D:10     | Reached skill level 10 in Hexes
 15413 | D:10     | Received a gift from Nemelex Xobeh
 15576 | Lair:1   | Entered Level 1 of the Lair of Beasts
 15581 | Lair:1   | Reached skill level 13 in Stealth
 15668 | Lair:1   | Acquired Nemelex Xobeh's third power
 15673 | Lair:1   | Received a gift from Nemelex Xobeh
 15787 | Lair:1   | Learned a level 4 spell: Condensation Shield
 15831 | Lair:1   | Gained mutation: You evolve. [potion of beneficial mutation]
 16353 | Lair:1   | Noticed Joseph
 16359 | Lair:1   | Killed Joseph
 16365 | Lair:1   | Received a gift from Nemelex Xobeh
 16395 | Lair:1   | Reached skill level 5 in Short Blades
 16687 | Lair:2   | Noticed a six-headed hydra
 16735 | Lair:1   | Lost mutation: You evolve. [evolution]
 16915 | Lair:2   | Killed a six-headed hydra
 17221 | Lair:2   | Reached skill level 14 in Stealth
 17331 | Lair:3   | Noticed a lindwurm
 17366 | Lair:3   | Killed a lindwurm
 17378 | Lair:3   | Got a smoking cloak
 17389 | Lair:3   | Identified the +0 cloak of Coronation {rPois rC+ MP+9 SInv} (You found it on level 3 of the Lair of Beasts)
 17543 | Lair:3   | Noticed Nergalle
 17549 | Lair:3   | XOM: harmless Tloc miscast
 17566 | Lair:3   | Killed Nergalle
 17596 | Lair:3   | Received a gift from Nemelex Xobeh
 17605 | Lair:3   | Noticed Rupert
 17625 | Lair:3   | Killed Rupert
 18011 | Lair:3   | Received a gift from Nemelex Xobeh
 18201 | Lair:3   | Noticed Erica
 18210 | Lair:3   | Killed Erica
 18357 | Lair:3   | Reached skill level 15 in Stealth
 18361 | Lair:3   | Reached XP level 12. HP: 56/56 MP: 34/34
 18530 | Lair:4   | Received a gift from Nemelex Xobeh
 18737 | Lair:4   | Found a staircase to the Shoals.
 18937 | Lair:4   | Received a gift from Nemelex Xobeh
 19056 | Lair:4   | Noticed a six-headed hydra
 19148 | Lair:4   | Killed a three-headed hydra
 19487 | Lair:4   | Found an opulent altar of Gozag.
 19630 | Lair:4   | Learned a level 2 spell: Shroud of Golubria
 19633 | Lair:4   | Learned a level 2 spell: Blink
 19739 | Lair:5   | Noticed Fannar
 19752 | Lair:5   | Killed Fannar
 19813 | Lair:5   | Received a gift from Nemelex Xobeh
 20020 | Lair:5   | Reached skill level 5 in Ice Magic
 20043 | Lair:5   | Got a faintly glowing flail
 20044 | Lair:5   | Identified the +8 flail of Dithmenos' Hope {freeze, rN+ Int-4 SInv} (You found it on level 5 of the Lair of Beasts)
 20225 | Lair:5   | Noticed Maud
 20252 | Lair:5   | Killed Maud
 20252 | Lair:5   | Reached skill level 16 in Stealth
 20772 | Lair:6   | Noticed an eight-headed hydra
 20813 | Lair:6   | Killed an eight-headed hydra
 20917 | Lair:6   | Found a labyrinth entrance.
 20978 | Lab      | Entered a labyrinth
 21003 | Lab      | Received a gift from Nemelex Xobeh
 22158 | Lab      | Noticed a minotaur
 22167 | Lab      | Killed a minotaur
 22174 | Lab      | Identified a +2 rod of inaccuracy (11/14) (You took it off a minotaur in a labyrinth)
 22539 | Lair:6   | Received a gift from Nemelex Xobeh
 22539 | Lair:6   | Found a staircase to the Slime Pits.
 22870 | Lair:6   | Reached XP level 13. HP: 48/59 MP: 36/36
 23167 | Slime:1  | Entered Level 1 of the Pits of Slime
 23167 | Slime:1  | Noticed an acid blob
 23176 | Lair:6   | Found a staircase to the Snake Pit.
 23194 | Lair:6   | Reached skill level 10 in Dodging
 23356 | Lair:6   | Received a gift from Nemelex Xobeh
 23585 | Snake:1  | Entered Level 1 of the Snake Pit
 23586 | Snake:1  | Received a gift from Nemelex Xobeh
 23613 | Snake:1  | Found an ancient bone altar of Kikubaaqudgha.
 23978 | Snake:1  | Reached skill level 17 in Stealth
 24211 | Snake:1  | Received a gift from Nemelex Xobeh
 24270 | Snake:1  | Found a frozen archway.
 24271 | Snake:1  | XOM: confuse monster(s)
 24310 | IceCv    | Entered an ice cave
 24658 | IceCv    | Reached skill level 1 in Translocations
 25758 | IceCv    | Noticed an Ice Fiend
 26491 | Snake:2  | Reached skill level 1 in Long Blades
 26498 | Snake:2  | Received a gift from Nemelex Xobeh
 26719 | Snake:2  | Received a gift from Nemelex Xobeh
 27603 | Snake:2  | Reached XP level 14. HP: 65/65 MP: 37/37
 27685 | Snake:2  | Received a gift from Nemelex Xobeh
 28069 | Snake:2  | Reached skill level 5 in Charms
 28290 | Snake:3  | Reached skill level 18 in Stealth
 28290 | Snake:3  | Reached skill level 10 in Evocations
 28310 | Snake:3  | Noticed a greater naga
 28349 | Snake:3  | Killed a greater naga
 28962 | Snake:2  | HP: 2/65 [shock serpent/bolt of electricity (16)]
 29889 | Lair:7   | Received a gift from Nemelex Xobeh
 30634 | Lair:7   | Received a gift from Nemelex Xobeh
 31041 | Lair:7   | You fall through a shaft!
 31041 | Lair:8   | Entered Level 8 of the Lair of Beasts
 31566 | Lair:8   | Received a gift from Nemelex Xobeh
 31653 | Lair:8   | Killed from afar by an electric eel

Action                   |  1- 3 |  4- 6 |  7- 9 | 10-12 | 13-15 || total
-------------------------+-------+-------+-------+-------+-------++-------
Melee: Dagger            |    85 |    94 |   582 |    75 |       ||   836
       Short sword       |       |       |       |   345 |   343 ||   688
       Scimitar          |       |       |       |     5 |   146 ||   151
 Cast: Corona            |    13 |       |     3 |       |       ||    16
       Ensorcelled Hiber |    36 |    55 |    82 |   132 |   128 ||   433
       Sure Blade        |     5 |    17 |    54 |    19 |    22 ||   117
       Confuse           |       |     2 |    70 |    40 |    66 ||   178
       Enslavement       |       |       |     6 |    27 |    41 ||    74
       Condensation Shie |       |       |       |    12 |    30 ||    42
       Shroud of Golubri |       |       |       |     5 |    31 ||    36
       Blink             |       |       |       |     1 |     2 ||     3
Invok: Deal Four         |       |       |       |     2 |     1 ||     3
       Stack Five        |       |       |       |     1 |       ||     1
Evoke: Deck              |       |     3 |    29 |    50 |    43 ||   125
       Wand              |       |       |       |    25 |    20 ||    45
  Use: Scroll            |       |     2 |    15 |    24 |     9 ||    50
       Potion            |       |       |    11 |     7 |     7 ||    25
 Stab: Sleeping          |    27 |    54 |    59 |   118 |    93 ||   351
       Confused          |       |     1 |    33 |    19 |    52 ||   105
       Distracted        |       |       |     4 |     3 |     2 ||     9
       Fleeing           |       |       |     1 |       |       ||     1
       Invisible         |       |       |       |     3 |       ||     3
  Eat: Bread ration      |     1 |       |     1 |     2 |     1 ||     5
       Fruit             |       |       |     6 |     2 |       ||     8
       Pizza             |       |       |       |       |     1 ||     1
